 Dungeon Crawl Stone Soup version 0.29-a0-321-gf1c400731a (webtiles) character file.

Game seed: 5936903882253432544

1708 sizableburger the Caller (level 8, -9/46 HPs)
             Began as a Deep Elf Fighter on Apr 3, 2022.
             Was a Believer of Ru.
             Mangled by Joseph
             ... wielding a +0 quarterstaff
              (18 damage)
             ... on level 7 of the Dungeon.
             The game lasted 00:23:04 (9781 turns).

sizableburger the Caller (Deep Elf Fighter)         Turns: 9781, Time: 00:23:05

Health: -9/46      AC:  9    Str: 15    XL:     8   Next: 73%
Magic:  16/17      EV: 10    Int: 14    God:    Ru [**....]
Gold:   344        SH:  0    Dex: 14    Spells: 12/17 levels left

rFire   . . .      SeeInvis .   a - +0 war axe
rCold   + . .      Faith    .   (no shield)
rNeg    . . .      Spirit   .   b - +0 scale mail
rPois   +          Reflect  .   (no helmet)
rElec   .          Harm     .   (no cloak)
rCorr   .          Rampage  .   k - +2 pair of gloves
Will    .....                   (no boots)
Stlth   ..........              o - amulet of the acrobat
HPRegen 0.15/turn               h - ring of poison resistance
MPRegen 0.15/turn               s - ring of protection from cold

@: invisible
A: inability to use devices
a: Renounce Religion


You were on level 7 of the Dungeon.
You worshipped Ru.
Ru was pleased with you.
You visited 1 branch of the dungeon, and saw 7 of its levels.

You collected 344 gold pieces.

Inventory:

Hand Weapons
 a - a +0 war axe (weapon)
 d - a +0 shortbow
 m - a +4 dagger
Missiles
 g - 7 poisoned darts (quivered)
 u - 6 atropa-tipped darts
 v - 126 stones
Armour
 b - a +0 scale mail (worn)
 k - a +2 pair of gloves (worn)
Jewellery
 h - a ring of poison resistance (left hand)
 o - an amulet of the acrobat (around neck)
 s - a ring of protection from cold (right hand)
Scrolls
 f - a scroll of amnesia
 i - a scroll of silence
 q - a scroll of brand weapon {unknown}
 w - a scroll of fog {unknown}
Potions
 c - a potion of haste {unknown}
 j - 2 potions of mutation
 l - a potion of degeneration {unknown}
 n - a potion of flight
 p - a potion of attraction
 r - a potion of brilliance {unknown}
 t - a potion of magic {unknown}


   Skills:
 - Level 3.0 Fighting
 + Level 5.3 Axes
 + Level 5.4 Bows
 + Level 3.1 Armour
 - Level 3.9 Dodging
 - Level 2.4 Shields
 - Level 5.2 Spellcasting
 - Level 5.6 Summonings


You had 12 spell levels left.
You knew the following spells:

 Your Spells              Type           Power      Damage    Failure   Level
a - Mephitic Cloud        Conj/Pois/Air  3%         N/A       89%         3
b - Call Imp              Summ           19%        N/A       10%         2

Your spell library contained the following spells:

 Spells                   Type           Power      Damage    Failure   Level
 Freeze                   Ice            12%        1d4       54%         1
 Magic Dart               Conj           12%        1d3       54%         1
 Pain                     Necr           12%        1d4       54%         1
 Scorch                   Fire           6%         2d5       69%         2
 Static Discharge         Conj/Air       3%         N/A       69%         2
 Sublimation of Blood     Necr           3%         N/A       69%         2
 Wereblood                Tmut           3%         N/A       69%         2
 Frozen Ramparts          Ice            6%         1d2       89%         3
 Flame Wave               Conj/Fire      3%         2d4       100%        4
 Hailstorm                Conj/Ice       3%         3d3       100%        4
 Agony                    Necr           3%         N/A       100%        5
 Excruciating Wounds      Necr           1%         N/A       100%        5
 Lightning Bolt           Conj/Air       1%         1d12      100%        5
 Summon Cactus Giant      Summ           9%         N/A       100%        6
 Summon Hydra             Summ           9%         N/A       100%        7
 Maxwell's Capacitive Co  Air            1%         ∞         100%        8


Dungeon Overview and Level Annotations

Branches:
Dungeon (7/15)
 Temple: D:4-7

Altars:
Okawaru
Ru
Yredelemnul

Shops:
D:5 [

Annotations:
D:7 Dowan, Duvessa, Joseph, Maggie


Innate Abilities, Weirdness & Mutations

You cannot study or use magical devices.


Message History

You throw a poisoned dart. The poisoned dart hits Joseph.
Joseph is lightly wounded.
Joseph hits you but does no damage.
You hit Joseph.
Joseph is lightly wounded.
Joseph hits you with a +0 quarterstaff!
Your shadow imp closely misses Joseph.
Joseph hits you with a +0 quarterstaff!
You hit Joseph.
Joseph is lightly wounded.
Your shadow imp hits Joseph.
Joseph closely misses you.
Unknown command.
Okay, then.
Press: ? - help, v - describe, . - travel, g - get item
Here: Joseph, wielding a +0 quarterstaff and wearing a +0 ring mail (moderately wounded, ally target) Item here: a poisoned dart.
An open door.
Unknown command.
You fade into invisibility!
Your shadow imp hits Joseph.
Joseph barely misses you.
You closely miss Joseph.
Joseph is moderately wounded.
Your shadow imp hits Joseph.
Joseph hits you but does no damage.
Unknown command.
You slash Joseph!
Joseph is moderately wounded.
Your shadow imp barely misses Joseph.
Joseph hits you with a +0 quarterstaff.
* * * LOW HITPOINT WARNING * * *
Your shadow imp closely misses Joseph.
Unknown command.
You slash Joseph!
Joseph is heavily wounded.
Joseph barely misses you.
Your shadow imp barely misses Joseph.
Joseph misses you.
Unknown command.
You strike the helpless Joseph from behind!
You slash Joseph!
Joseph is heavily wounded.
Your shadow imp closely misses Joseph.
Joseph hits you with a +0 quarterstaff!!
You die...

.(............#
#.............# #.@.
.........+ #... ........#
#..# #.##....#
###..####.##....#
#....#..........#
#....#..........#
#....#@.........#
#....@5.........#
###############+####...##
....#.#..#.####..###...#
#...............#....#
#.....<.........#....#
#...............#....#
#...##.....))...+....#
######......)...#....#


You could see Joseph (can't see you, ally target) and a friendly shadow imp
(summoned).

Vanquished Creatures
  A water moccasin (D:5)
  2 black bears
  A sky beast (D:4)
  3 ogres
  3 centaurs
  A bullfrog (D:5)
  2 necrophages (D:6)
  2 scorpions (D:6)
  A hound (D:5)
  A jelly (D:4)
  2 orc priests (D:6)
  Jessica (D:3)
  2 orc wizards
  4 iguanas
  4 gnolls (D:6)
  4 adders
  A worm (D:2)
  A dart slug (D:1)
  18 orcs
  6 ball pythons
  3 endoplasms
  A giant cockroach (D:1)
  7 goblins
  7 hobgoblins
  3 jackals
  3 quokkas
  3 bats (D:1)
  5 frilled lizards
  12 kobolds
  5 rats
109 creatures vanquished.

Vanquished Creatures (collateral kills)
  A black bear (D:6)
1 creature vanquished.

Vanquished Creatures (others)
  A plant (D:1)
  A withered plant (D:4)
2 creatures vanquished.

Grand Total: 112 creatures vanquished

Notes
Turn   | Place    | Note
-------+----------+-------------------------------------------
     0 | D:1      | sizableburger the Deep Elf Fighter began the quest for the
                  | Orb.
     0 | D:1      | Reached XP level 1. HP: 13/13 MP: 3/3
   255 | D:1      | Found a faded altar of an unknown god.
   404 | D:1      | Reached XP level 2. HP: 18/18 MP: 4/4
   935 | D:1      | Reached skill level 1 in Spellcasting
  1586 | D:2      | Reached XP level 3. HP: 22/22 MP: 6/6
  1605 | D:2      | Learned a level 3 spell: Mephitic Cloud
  1780 | D:2      | Learned a level 2 spell: Call Imp
  2287 | D:3      | Noticed Jessica
  2400 | D:3      | Killed Jessica
  2512 | D:3      | Reached XP level 4. HP: 27/28 MP: 9/9
  2567 | D:3      | Reached skill level 1 in Dodging
  2567 | D:3      | Reached skill level 1 in Summonings
  3162 | D:4      | Found a basalt altar of Yredelemnul.
  3738 | D:4      | Found a sacrificial altar of Ru.
  3753 | D:4      | Became a worshipper of Ru the Awakened
  3781 | D:4      | Reached XP level 5. HP: 24/32 MP: 9/11
  4017 | D:4      | Noticed an ogre
  4460 | D:4      | HP: 1/48 [ogre/+0 giant spiked club (14)]
  4465 | D:4      | Killed an ogre
  4466 | D:4      | Reached XP level 6. HP: 25/37 MP: 11/13
  5047 | D:5      | Entered Level 5 of the Dungeon
  5050 | D:5      | Noticed a sky beast
  5102 | D:5      | Noticed a sky beast
  5219 | D:5      | Found Zuboacs's Armour Emporium.
  5262 | D:5      | Noticed a water moccasin
  5285 | D:4      | Killed a sky beast
  5295 | D:5      | Killed a water moccasin
  5296 | D:5      | Reached XP level 7. HP: 11/41 MP: 14/16
  5770 | D:5      | Reached skill level 5 in Spellcasting
  5999 | D:5      | Gained mutation: You cannot study or use magical devices.
                  | [Ru sacrifice]
  5999 | D:5      | Reached * piety under Ru
  5999 | D:5      | Reached ** piety under Ru
  6806 | D:6      | Reached skill level 1 in Bows
  7373 | D:6      | Reached XP level 8. HP: 34/46 MP: 14/17
  7511 | D:6      | Reached skill level 5 in Summonings
  8702 | D:6      | Reached skill level 5 in Axes
  8802 | D:6      | Found an iron altar of Okawaru.
  8972 | D:6      | Reached skill level 5 in Bows
  9450 | D:7      | Noticed Duvessa
  9455 | D:7      | Noticed Dowan
  9466 | D:7      | Noticed Maggie
  9760 | D:7      | Noticed Joseph
  9781 | D:7      | Mangled by Joseph

Illustrated notes

Levels and vault maps discovered:
D:1:      evilmike_arrival_home_sweet_home, layout_basic,
          shapermc_ecumenical_altar_mp_urbaneastern
D:2:      layout_basic
D:3:      layout_basic, uniq_jessica
D:4:      layout_layer_cave, nicolae_ru_great_annihilating_truth,
          yredelemnul_altar_generic
D:5:      layout_cave_pools, serial_shops, kennysheep_mini
D:6:      layout_layer_cave, okawaru_altar_gauntlet_db,
          hangedman_decor_opposing, st_stairs_1, patterned_corridor
D:7:      layout_gridville, mainiacjoe_overflow_tiny_flanked,
          lemuel_doored_altar, minmay_temple_entry_arrows, uniq_maggie,
          uniq_duvessa, uniq_joseph

Skill      XL: |  1  2  3  4  5  6  7  8 |
---------------+-------------------------+-----
Axes           | 2 3 4 5 |  5.3
Spellcasting   | 1 2 3 4 5 |  5.2
Fighting       | 3 |  3.0
Dodging        | 1 2 3 |  3.9
Summonings     | 1 2 3 4 5 |  5.6
Bows           | 2 5 |  5.4
Armour         | 3 |  3.1
Shields        | |  2.4

Action                   |  1- 3 |  4- 6 |  7- 9 || total
-------------------------+-------+-------+-------++-------
Melee: War axe           |    56 |   125 |   140 ||   321
       Dagger            |    60 |    13 |       ||    73
       Punch             |       |       |     2 ||     2
 Fire: Shortbow          |       |       |    32 ||    32
Throw: Stone             |       |     8 |       ||     8
       Dart              |       |    19 |    11 ||    30
 Cast: Call Imp          |       |       |    16 ||    16
Invok: Sacrifice Artific |       |       |     1 ||     1
  Use: Scroll            |       |    14 |     8 ||    22
       Potion            |       |    10 |     4 ||    14
 Stab: Invisible         |       |     5 |     1 ||     6
       Paralysed         |       |     1 |       ||     1
Armor: Scale mail        |    57 |    61 |    71 ||   189
       Skin              |       |    14 |       ||    14
Dodge: Dodged            |    57 |    75 |   125 ||   257
Block: Buckler           |    24 |    27 |     5 ||    56

Table legend: (Time is in decaauts)
 A = Elapsed time spent in this place.
 B = Non-inter-level travel time spent in this place.
 C = Inter-level travel time spent in this place.
 D = Time resting spent in this place.
 E = Time spent auto-exploring this place.
 F = Levels seen in this place.
 G = Mean time per level.
                   A        B        C        D        E       F      G
               +--------+--------+--------+--------+--------+-----+--------+
         Total |   9932 |   9183 |    749 |   2714 |   4971 |   7 | 1418.9 |
       Dungeon |   9932 |   9183 |    749 |   2714 |   4971 |   7 | 1418.9 |
               +--------+--------+--------+--------+--------+-----+--------+

Top non-repeatable levels by time:
     D:6: 2761 daAuts
     D:5: 1763 daAuts
     D:4: 1699 daAuts
     D:1: 1270 daAuts
     D:2: 1218 daAuts
     D:3: 1056 daAuts
     D:7: 163 daAuts
